 Dungeon Crawl Stone Soup version 0.20.0-10-g0535bb4 (webtiles) character file.

968 rutigerpupkin the Shield-Bearer (level 8, 0/51 HPs)
             Began as a Gargoyle Fighter on June 6, 2017.
             Was a Follower of Okawaru.
             Slain by a troll (2 damage)
             ... on level 5 of the Dungeon.
             The game lasted 00:17:28 (4654 turns).

rutigerpupkin the Shield-Bearer (Gargoyle Fighter)  Turns: 4654, Time: 00:17:28

Health: 0/51       AC: 17    Str: 20    XL:     8   Next: 15%
Magic:  8/8        EV:  6    Int:  9    God:    Okawaru [*.....]
Gold:   174        SH: 10    Dex: 11    Spells: 7/7 levels left

rFire    . . .     SeeInvis .   q - +2 trident (pierce)
rCold    + . .     Gourm    +   c - +0 shield
rNeg     + . .     Faith    .   r - +0 chain mail
rPois    ∞         Spirit   .   g - +0 helmet
rElec    +         Reflect  .   (no cloak)
rCorr    .         Harm     .   y - +0 pair of gloves
MR       .....     Rnd*Tele +   (no boots)
Stlth    ..........             u - amulet of the gourmand
Regen    0.2/turn               h - ring of protection from cold
MPRegen  0.2/turn               m - ring of teleportation (curse)

@: no status effects
A: negative energy resistance 1, electricity resistance, unbreathing,
petrification resistance, rot immunity, AC +5
a: Heroism, Renounce Religion


You were on level 5 of the Dungeon.
You worshipped Okawaru.
Okawaru was aware of your devotion.
You were very full.

You visited 2 branches of the dungeon, and saw 7 of its levels.

You collected 174 gold pieces.

Inventory:

Hand Weapons
 a - a +0 flail
 q - a +2 trident of piercing (weapon)
 x - the cursed +0 war axe of the Madman {chop, rC+ Int+2}
   (You found it on level 4 of the Dungeon)

   It inflicts extra damage upon your enemies.
   It affects your intelligence (+2).
   It protects you from cold.
   It has a curse placed upon it.
Missiles
 i - 15 bolts
 w - 45 poisoned needles
Armour
 c - a +0 shield (worn)
 g - a +0 helmet (worn)
 r - a +0 chain mail (worn)
 y - a +0 pair of gloves (worn)
 A - a +1 ring mail of fire resistance
Magical Staves
 D - an uncursed staff of cold {unknown}
Jewellery
 h - a ring of protection from cold (left hand)
 m - a cursed ring of teleportation (right hand)
 u - an amulet of the gourmand (around neck)
Scrolls
 b - a scroll of enchant armour {unknown}
 d - a scroll of immolation {unknown}
 j - 5 scrolls of identify
 k - 3 scrolls of teleportation {unknown}
 n - 3 scrolls of enchant weapon {unknown}
 s - 3 scrolls of magic mapping {unknown}
 t - 2 scrolls of amnesia {unknown}
 F - a scroll of blinking {unknown}
 H - a scroll of random uselessness {unknown}
 I - 3 scrolls of vulnerability {unknown}
Potions
 e - 2 potions of flight {unknown}
 l - 3 potions of curing {unknown}
 o - 4 potions of haste {unknown}
 p - 2 potions of might
 B - a potion of invisibility {unknown}
 E - a potion of brilliance {unknown}
Comestibles
 f - 2 bread rations
 v - a meat ration
 z - 2 royal jellies
 C - 2 fruits
 G - a chunk of flesh


   Skills:
 + Level 5.7 Fighting
 + Level 5.1 Maces & Flails
 + Level 5.8 Armour
 + Level 6.1 Shields


You had 7 spell levels left.
You didn't know any spells.

Dungeon Overview and Level Annotations

Branches:
Dungeon (6/15)             Temple (1/1) D:5

Altars:
Ashenzari
Cheibriados
Dithmenos
Elyvilon
Fedhas
Gozag
Hepliaklqana
Kikubaaqudgha
Makhleb
Nemelex Xobeh
Okawaru
Qazlal
Ru
Trog
Uskayaw
Vehumet
Xom
Yredelemnul
Zin
The Shining One


Innate Abilities, Weirdness & Mutations

You are resistant to torment.
Your stone body is resilient. (AC +5)
You are immune to poison.
You resist negative energy. (rN+)
You are resistant to electric shocks. (rElec)
You can survive without breathing.
You are immune to petrification.
You are immune to rotting.


Message History

* * * LOW HITPOINT WARNING * * *
The troll barely misses you. The troll claws you but does no damage.
The bullfrog zombie barely misses you. You block the troll's attack. x2
The troll claws you but does no damage.
You hit the bullfrog zombie.
The bullfrog zombie is heavily damaged.
You block the bullfrog zombie's attack. The troll bites you but does no damage.
You block the troll's attack. x2
The bullfrog zombie completely misses you.
You puncture the bullfrog zombie!
The bullfrog zombie is almost destroyed.
The bullfrog zombie hits you but does no damage.
The troll bites you.
* * * LOW HITPOINT WARNING * * *
The troll closely misses you. The troll completely misses you.
The bullfrog zombie closely misses you.
You barely miss the bullfrog zombie.
The bullfrog zombie is almost destroyed.
The troll bites you.
You die...

#..##...# #.#.###.#
#..####.###.'['>#.+ #..#
#.....#.###.# ##.#
###.###.....# ####.####
#.# ###'### ##.......#
#.# #.# #.....##.#
#.#####.# ###.###Z##.#
#.##....# #...# #@##.#
#.##.######
#.#.###T##.###....##.#.#
#...............###.⌠.#.
#.##.......#######.#.#.#
#..#####..## #...#.⌠.
#.<.###.#.# #⌠.⌠.#.#
#..Z.#.##.## #._...#.
#.....###..# #⌠.⌠.#.#
#..##.# ##.# #...#.⌠.


You could see a troll and a bullfrog zombie.

Vanquished Creatures
  Eustachio (D:5)
  An ice beast (D:4)
  A phantom (D:3)
  A scorpion (D:4)
  3 vampire bats (D:5)
  A crimson imp (D:5)
  A centaur zombie (D:4)
  2 orc priests (D:5)
  A jelly (D:4)
  An orc wizard (D:5)
  Terence (D:1)
  3 worker ants (D:5)
  A worker ant zombie (D:6)
  3 gnolls (D:5)
  7 adders
  2 shadow imps (D:5)
  An ooze (D:3)
  A worm (D:4)
  2 dart slugs (D:3)
  3 leopard geckos
  8 orcs
  5 bat skeletons (D:5)
  A bat zombie (D:5)
  2 giant cockroaches
  5 goblins
  2 hobgoblins
  7 jackals
  6 kobolds
  A quokka (D:6)
  A ball python (D:2)
  4 bats (D:1)
  3 frilled lizards
  A leopard gecko zombie (D:5)
  5 rats
88 creatures vanquished.

Notes
Turn   | Place    | Note
-------+----------+-------------------------------------------
     0 | D:1      | rutigerpupkin the Gargoyle Fighter began the quest for the Orb.
     0 | D:1      | Reached XP level 1. HP: 14/14 MP: 1/1
   525 | D:1      | Reached XP level 2. HP: 19/19 MP: 2/2
   548 | D:1      | You fall through a shaft!
  1128 | D:1      | Reached XP level 3. HP: 22/23 MP: 3/3
  1227 | D:2      | Found a stormy altar of Qazlal.
  1228 | D:2      | Noticed Terence
  1238 | D:1      | Killed Terence
  1315 | D:2      | Found a faded altar of an unknown god.
  1444 | D:2      | Reached XP level 4. HP: 29/29 MP: 4/4
  2208 | D:3      | Noticed a phantom
  2267 | D:3      | Killed a phantom
  2267 | D:3      | Reached skill level 4 in Shields
  2267 | D:3      | Reached XP level 5. HP: 18/33 MP: 5/5
  2446 | D:3      | Found a sacrificial altar of Ru.
  2723 | D:4      | Got a bloodstained war axe
  2779 | D:4      | Reached XP level 6. HP: 28/39 MP: 6/6
  2888 | D:4      | Noticed an ice beast
  2899 | D:4      | Killed an ice beast
  2936 | D:4      | Reached skill level 5 in Shields
  2946 | D:4      | Reached skill level 5 in Armour
  2967 | D:4      | Found a white marble altar of Elyvilon.
  3191 | D:3      | Identified the cursed +0 war axe of the Madman {chop, rC+ Int+2} (You found it on level 4 of the Dungeon)
  3229 | D:5      | Entered Level 5 of the Dungeon
  3267 | D:5      | Reached XP level 7. HP: 44/44 MP: 7/7
  3276 | D:5      | Found a glowing silver altar of Zin.
  3276 | D:5      | Found a basalt altar of Yredelemnul.
  3378 | D:5      | Reached skill level 5 in Fighting
  3438 | D:5      | Found a staircase to the Ecumenical Temple.
  3446 | Temple   | Entered the Ecumenical Temple
  3457 | Temple   | Became a worshipper of Warmaster Okawaru
  3579 | D:5      | Noticed Eustachio
  3615 | D:5      | Killed Eustachio
  3906 | D:5      | Noticed a troll
  4018 | D:5      | Found an ancient bone altar of Kikubaaqudgha.
  4022 | D:5      | Reached * piety under Okawaru
  4092 | D:5      | Reached XP level 8. HP: 50/50 MP: 8/8
  4103 | D:5      | Reached skill level 6 in Shields
  4108 | D:5      | Reached skill level 5 in Maces & Flails
  4653 | D:5      | HP: 1/51 [troll (4)]
  4654 | D:5      | Slain by a troll

Skill      XL: |  1  2  3  4  5  6  7  8 |
---------------+-------------------------+-----
Maces & Flails | 3 4 5 |  5.1
Fighting       | 4 5 |  5.7
Armour         | 4 5 |  5.8
Shields        | 4 5 6 |  6.1

Action                   |  1- 3 |  4- 6 |  7- 9 || total
-------------------------+-------+-------+-------++-------
Melee: Flail             |   108 |   172 |       ||   280
       Trident           |       |     8 |   151 ||   159
  Use: Potion            |     1 |       |       ||     1
       Scroll            |       |     1 |       ||     1
  Eat: Chunk             |     2 |    20 |     4 ||    26
Armor: Scale mail        |    46 |       |       ||    46
       Chain mail        |     4 |    99 |   112 ||   215
Dodge: Dodged            |    34 |    46 |    56 ||   136
Block: Shield            |    62 |   101 |   104 ||   267
